 Dungeon Crawl Stone Soup version 0.32-a0-35-gd9ff480968 (webtiles) character file.

Game seed: 16883884638563047205

34 Morbidden the Conjurer (level 3, -6/31 HPs)
             Began as a Troll Conjurer on Jan 23, 2024.
             Mangled by Sigmund
             ... wielding a +0 scythe
              (10 damage)
             ... on level 2 of the Dungeon.
             The game lasted 00:01:16 (662 turns).

Morbidden the Conjurer (Troll Conjurer)              Turns: 662, Time: 00:01:17

Health: -6/31      AC:  4    Str: 21    XL:     3   Next: 14%
Magic:  1/4        EV:  9    Int: 16    God:
Gold:   60         SH:  0    Dex:  8    Spells: 1/4 levels left

rFire   . . .        (no weapon)
rCold   . . .        (no shield)
rNeg    . . .        a - +0 robe
rPois   .            (helmet restricted)
rElec   .            (no cloak)
rCorr   .            (gloves unavailable)
SInv    .            (boots unavailable)
Will    .....        (no amulet)
Stlth   +            c - +6 ring of strength
HPRegen 1.05/turn    (no ring)
MPRegen 0.09/turn

%: no passive effects
@: no status effects
A: large, unfitting armour, claws 3, regeneration 1, shaggy fur 1, tough skin 1
a: no special abilities


You were on level 2 of the Dungeon.
You visited 1 branch of the dungeon, and saw 2 of its levels.

You collected 60 gold pieces.

Inventory:

Armour
 a - a +0 robe (worn)
Jewellery
 c - a +6 ring of strength (left claw)
Scrolls
 d - a scroll of teleportation {unknown}
 f - a scroll of revelation {unknown}
Potions
 b - a potion of magic


   Skills:
 * Level 0.2 Fighting
 * Level 0.1 Armour
 * Level 1.6 Dodging
 + Level 1.0 Stealth
 * Level 0.3 Unarmed Combat
 * Level 1.3 Spellcasting
 * Level 3.5 Conjurations


You had one spell level left.
You knew the following spells:

 Your Spells              Type           Power      Damage    Failure   Level
a - Magic Dart            Conj           48%        1d5       4%          1
b - Searing Ray           Conj           24%        2d5       8%          2

Your spell library contained the following spells:

 Spells                   Type           Power      Damage    Failure   Level
 Blink                    Tloc           2%         N/A       32%         2
 Call Imp                 Summ           2%         N/A       32%         2
 Fulminant Prism          Conj/Alch      3%         3d5       71%         4
 Iskenderun's Mystic Bla  Conj/Tloc      6%         2d4       71%         4


Dungeon Overview and Level Annotations

Branches:
Dungeon (2/15)

Altars:

Annotations:
D:2 Sigmund


Innate Abilities, Weirdness & Mutations

You are too large for most types of armour.
You have claws for hands.
Your natural rate of healing is unusually fast.
You are covered in fur. (AC +1)
You have tough skin. (AC +1)


Message History

You feel attractive to monsters. The goblin is attracted toward you.
Unknown command.
It was a potion of cancellation.
Your magical effects are unravelling.
You feel magically purged.
You hear some strange, mumbled words.
Something tries to affect you, but you resist.
The goblin closely misses you.
You feel less attractive to monsters.
Unknown command.
You aren't carrying any items that you can evoke.
Unknown command.
Casting: Magic Dart (safe; 4% risk of failure)
Confirm with . or Enter, or press ? or * to list all spells.
Aiming: Magic Dart (safe; 4% risk of failure)
Press: ? - help, Shift-Dir - straight line Something hits you!
* * * LOW HITPOINT WARNING * * *
The goblin hits you with a +0 dagger.
* * * LOW HITPOINT WARNING * * *
Unknown command.
You miss something. The goblin hits you but does no damage.
Something hits you but does no damage.
Unknown command.
Unknown command.
You miss something. The goblin barely misses you.
Unknown command.
You barely miss something.
You hear some strange, mumbled words.
Something tries to affect you, but you resist.
The goblin barely misses you.
You scratch something. Something hits you.
* * * LOW HITPOINT WARNING * * *
A frilled lizard comes into view.
The goblin barely misses you.
Unknown command.
You closely miss something. The goblin hits you with a +0 dagger.
* * * LOW HITPOINT WARNING * * *
Something hits you!
You die...

########### #.....>...#
#.........# #.........###
#<..........#
########...........#
#..................###
#.............{@.....#
#..............g...#......
#.....................####
#..................##l#
#..................# ..#
#.÷................# .#
###[##.####..<....... ..
.....#J# #....##.####
..††.#.# ###.......


You could see a goblin and a frilled lizard (wandering).

Vanquished Creatures
  An adder (D:2)
  2 dart slugs (D:1)
  2 ball pythons
  4 bats
  3 endoplasms
  3 hobgoblins (D:1)
  A kobold (D:1)
  2 quokkas (D:1)
  A rat (D:1)
19 creatures vanquished.

Notes
Turn   | Place    | Note
-------+----------+-------------------------------------------
     0 | D:1      | Morbidden the Troll Conjurer began the quest for the Orb.
     0 | D:1      | Reached XP level 1. HP: 16/16 MP: 1/1
    16 | D:1      | Reached skill level 3 in Conjurations
    40 | D:1      | You fall into a shaft and drop 1 floor!
    55 | D:2      | Reached XP level 2. HP: 7/24 MP: 0/2
    64 | D:2      | Noticed Sigmund
   459 | D:1      | Reached XP level 3. HP: 29/31 MP: 4/4
   619 | D:2      | Learned a level 2 spell: Searing Ray
   662 | D:2      | Mangled by Sigmund

Illustrated notes

Levels and vault maps discovered:
D:1:      dreamdust_arrival_sigmund_warning, layout_rooms,
          amcnicky_mini_corridor_feature, minmay_misc_feat_nine_boxes,
          serial_bayou_pond_c, reono_crystal_passage
D:2:      layout_rooms, uniq_robin, uniq_sigmund

Skill      XL: |  1 |
---------------+----+-----
Conjurations   | 3 |  3.5
Fighting       | |  0.2
Armour         | |  0.1
Dodging        | |  1.6
Stealth        | |  1.0
Unarmed Combat | |  0.3
Spellcasting   | |  1.3

Action                     || total
---------------------------++-------
  Melee: Unarmed           ||    46
   Cast: Magic Dart        ||    20
    Use: Potion            ||     4
 Armour: Robe              ||    48
  Dodge: Dodged            ||    34

Table legend: (Time is in decaauts)
 A = Elapsed time spent in this place.
 B = Non-inter-level travel time spent in this place.
 C = Inter-level travel time spent in this place.
 D = Time resting spent in this place.
 E = Time spent auto-exploring this place.
 F = Levels seen in this place.
 G = Mean time per level.
                   A        B        C        D        E       F      G
               +--------+--------+--------+--------+--------+-----+--------+
         Total |    660 |    644 |     16 |      0 |    501 |   2 |  330.0 |
       Dungeon |    660 |    644 |     16 |      0 |    501 |   2 |  330.0 |
               +--------+--------+--------+--------+--------+-----+--------+

Top non-repeatable levels by time:
     D:1: 572 daAuts
     D:2: 88 daAuts
